 Dungeon Crawl Stone Soup version 0.28.0-53-g5a82cb258f (webtiles) character file.

Game seed: 14316760589648889532

8332 unlimited1921 the Thaumaturge (level 11, -10/81 HPs)
             Began as a Djinni Fire Elementalist on June 6, 2022.
             Was an Initiate of Gozag.
             Mangled by a jiangshi (19 damage)
             ... created by the anger of Yredelemnul
             ... on level 10 of the Dungeon.
             The game lasted 00:58:13 (10948 turns).

unlimited1921 the Thaumaturge (DjFE)               Turns: 10948, Time: 00:58:19

Health: -10/81     AC: 11    Str:  7    XL:     11   Next: 53%
Gold:   230        EV: 14    Int: 24    God:    Gozag SH:  0 Dex: 13

rFire   + + .      SeeInvis .   z - +0 arbalest
rCold   x . .      Faith    .   (shield currently unavailable)
rNeg    . . .      Spirit   .   S - +3 ring mail
rPois   ∞          Reflect  .   x - -1 helmet of Untruth {rPois Will+ Int+2}
rElec   .          Harm     .   o - +0 cloak
rCorr   .          Rampage  .   t - +0 pair of gloves
Will    ++...                   (boots unavailable)
Stlth   ++........              h - amulet of regeneration
HPRegen 1.03/turn               b - +4 ring of evasion
MPRegen 0.00/turn               (no ring)

@: liquefying, gold aura, flying, studying Armour, slowed movement, very slow
A: sickness immunity, fire resistance 2, cold vulnerability 1, float, innate
caster, HP casting, extra vitality 1
a: Renounce Religion, Potion Petition, Call Merchant, Bribe Branch


You were on level 10 of the Dungeon.
You worshipped Gozag.
Gozag was aware of your devotion.
You visited 2 branches of the dungeon, and saw 11 of its levels.
You also visited: Bailey.

You collected 488 gold pieces.
You spent 112 gold pieces at shops.
You paid 146 gold pieces to Gozag.

Inventory:

Hand Weapons
 g - a +0 hand axe
 n - a +2 quarterstaff of chaos
 z - a +0 arbalest (weapon)
 E - a +0 flail of protection
 W - a +0 halberd of protection
Missiles
 c - 165 bolts (quivered ammo)
 e - 2 throwing nets
 l - 56 sling bullets
 q - 278 stones
 y - 24 poisoned darts
 C - a boomerang
 O - a curare-tipped dart
 T - 30 javelins
Armour
 o - a +0 cloak (worn)
 s - a +0 helmet
 t - a +0 pair of gloves (worn)
 v - a +0 leather armour of willpower
 x - the -1 helmet of Untruth (worn) {rPois Will+ Int+2}
   (You found it on level 4 of the Dungeon)

   Int:       It affects your intelligence (+2).
   rPois:     It protects you from poison.
   Will:      It increases your willpower.
 S - a +3 ring mail (worn)
 V - the +8 crystal plate armour of Sophism {rF+ rCorr Stlth+}
   (You found it in a bailey)

   rF:        It protects you from fire.
   rCorr:     It protects you from acid and corrosion.
   Stlth:     It makes you more stealthy.
Jewellery
 b - a +4 ring of evasion (left hand)
 h - an amulet of regeneration (around neck)
 X - the amulet of Paranoia {Faith rPois rF+ Int+4}
   (You found it on level 9 of the Dungeon)

   [amulet of faith]

   It allows you to gain divine favour quickly.
   Int:       It affects your intelligence (+4).
   rF:        It protects you from fire.
   rPois:     It protects you from poison.
 Y - an amulet of reflection
Wands
 w - a wand of flame (19)
 H - a wand of digging (6)
 L - a wand of acid (14)
 Q - a wand of iceblast (4)
 R - a wand of polymorph (12)
Scrolls
 a - 7 scrolls of identify {unknown}
 i - a scroll of enchant weapon {unknown}
 j - a scroll of immolation {unknown}
 k - 6 scrolls of teleportation {unknown}
 m - 3 scrolls of noise {unknown}
 p - 2 scrolls of enchant armour {unknown}
 u - 4 scrolls of silence {unknown}
 D - 2 scrolls of magic mapping {unknown}
 F - a scroll of blinking {unknown}
 I - 3 scrolls of fear {unknown}
 K - 3 scrolls of fog {unknown}
 N - a scroll of amnesia {unknown}
Potions
 d - 3 potions of brilliance {unknown}
 f - 3 potions of curing {unknown}
 r - 2 potions of invisibility {unknown}
 A - a potion of berserk rage {unknown}
 B - a potion of heal wounds {unknown}
 G - 2 potions of attraction {unknown}
 J - a potion of flight {unknown}
 M - a potion of magic {unknown}
 P - a potion of lignification {unknown}
 U - a potion of experience


   Skills:
 * Level 7.8 Fighting
 + Level 1.8 Crossbows
 + Level 3.9 Armour
 + Level 3.6 Dodging
 + Level 3.1 Stealth
 + Level 11.1 Spellcasting


You had 6 spell levels left.
You knew the following spells:

 Your Spells              Type           Power      Damage    Failure   Level
a - Foxfire               Conj/Fire      100%       2x1d9     1%          1
b - Scorch                Fire           100%       2d10      1%          2
c - Conjure Flame         Conj/Fire      61%        6-21      1%          3
d - Inner Flame           Hex/Fire       61%        N/A       1%          3
e - Flame Wave            Conj/Fire      61%        2d12      1%          4
f - Shock                 Conj/Air       100%       1d9       1%          1
g - Blink                 Tloc           100%       N/A       1%          2
h - Confusing Touch       Hex            61%        N/A       1%          3
i - Portal Projectile     Hex/Tloc       100%       N/A       1%          3
j - Leda's Liquefaction   Hex/Erth       30%        N/A       1%          4
Your spell library was empty.

Dungeon Overview and Level Annotations

Branches:
Dungeon (10/15)            Temple (1/1) D:4          Bailey (visited)
   Lair: D:8-11         Orc: D:9-12

Altars:
Ashenzari
Cheibriados
Dithmenos
Elyvilon
Fedhas
Gozag
Hepliaklqana
Kikubaaqudgha
Makhleb
Nemelex Xobeh
Okawaru
Qazlal
Ru
Sif Muna
Trog
Uskayaw
Vehumet
Wu Jian
Xom
Yredelemnul
Zin
The Shining One

Shops:
D:1 [   D:2 ?   D:3 (   D:7 *


Innate Abilities, Weirdness & Mutations

You are immune to sickness and miasma.
You are immune to poison.
Your flesh is very heat resistant. (rF++)
You are vulnerable to cold. (rC-)
You float through the air rather than walking.
You learn spells naturally, not from books.
Your magical power is your life essence.
You have superior vitality. (+4 MHP)


Message History

Confirm with . or Enter, or press ? or * to list all spells.
Flames lash the troll.
The troll is moderately wounded.
The troll's fire resistance burns away.
Casting: Scorch (safe; 1% risk of failure)
Confirm with . or Enter, or press ? or * to list all spells.
Flames lash the troll.
The troll is burned terribly!
The troll is almost dead.
Casting: Scorch (safe; 1% risk of failure)
Confirm with . or Enter, or press ? or * to list all spells.
Flames lash the troll.
The troll is burned terribly!
You kill the troll!
You now have 230 gold pieces (gained 16).
Yredelemnul sends a servant to punish you.
A jiangshi comes into view.
The jiangshi misses you. The jiangshi closely misses you.
The jiangshi claws you but does no damage.
The jiangshi claws you!!
Casting: Scorch (safe; 1% risk of failure)
Confirm with . or Enter, or press ? or * to list all spells.
Flames lash the jiangshi but do no damage.
The jiangshi claws you but does no damage. x2
The jiangshi claws you! The jiangshi barely misses you.
Casting: Scorch (safe; 1% risk of failure)
Confirm with . or Enter, or press ? or * to list all spells.
Flames lash the jiangshi.
The jiangshi is lightly damaged.
The jiangshi's fire resistance burns away.
The jiangshi closely misses you. The jiangshi claws you! x2
* * * LOW HITPOINT WARNING * * *
The jiangshi claws you.
* * * LOW HITPOINT WARNING * * *
Casting: Scorch (safe; 1% risk of failure)
Confirm with . or Enter, or press ? or * to list all spells.
Flames lash the jiangshi.
The jiangshi is burned terribly!
The jiangshi is lightly damaged.
* * * LOW HITPOINT WARNING * * *
The jiangshi claws you!!
You die...
Your body crumbles into a pile of gold.

###...........
#.............
##.............
##..............
##...............
###......<.........
###..................
.....................
......V@.............
.............<.......
...................##
###...$...........##
#####..........##
#.#####.#### #.# ###
#.#


You could see a jiangshi (combustible).

Vanquished Creatures
  Erolcha (D:9)
  A hornet (D:8)
  A troll (D:10)
  Grinder (D:6)
  A basilisk (D:9)
  3 yaks (D:9)
  2 steam dragons
  The ghost of Tiocfaidh the Conjurer, an amateur FoCj of Hepliaklqana (D:3)
  3 water moccasins
  2 black bears (D:6)
  A sky beast (D:5)
  2 spectral yaks (D:9)
  15 orc warriors
  2 necrophages
  5 ogres
  2 phantoms
  11 centaurs (Bailey)
  2 kobold brigands
  2 bullfrogs
  A gnoll sergeant (D:9)
  A wyvern zombie (D:3)
  A scorpion (D:3)
  2 water moccasin skeletons
  3 spectral kobolds
  6 wights
  An electric eel (D:8)
  3 bullfrog zombies
  2 centaur zombies (D:9)
  7 hounds
  2 centaur skeletons (D:7)
  An orc priest (D:7)
  Crazy Yiuf (D:2)
  A bullfrog skeleton (D:6)
  Ijyb (D:3)
  2 iguanas
  6 orc wizards
  An ogre zombie (D:7)
  A spectral hound (D:7)
  A hound zombie (D:7)
  Robin (D:3)
  7 gnolls
  2 howler monkey skeletons (D:4)
  4 adders
  A steam dragon zombie (D:7)
  A shadow imp (D:5)
  2 white imps
  3 orc zombies
  A spectral gnoll (D:9)
  An adder skeleton (D:4)
  4 dart slugs
  31 orcs
  3 ball pythons
  3 endoplasms
  4 giant cockroaches
  21 goblins
  8 hobgoblins
  6 jackals
  7 quokkas
  2 bats (D:1)
  4 frilled lizards
  2 gnoll zombies
  21 kobolds
  A kobold zombie (D:7)
  A quokka skeleton (D:4)
  6 rats
  2 spectral jackals (D:5)
  A spectral orc (D:8)
252 creatures vanquished.

Vanquished Creatures (collateral kills)
  A two-headed ogre (D:8)
  2 orc warriors (Bailey)
  A centaur skeleton (D:7)
  An ufetubus (D:6)
  An orc (D:9)
6 creatures vanquished.

Vanquished Creatures (others)
  A spectral basilisk (D:9)
  A water moccasin zombie (D:7)
  4 centaur zombies (Bailey)
  A hound zombie (D:6)
  A spectral orc (D:7)
  An iguana zombie (D:7)
  A spectral gnoll (D:5)
  A spectral white imp (D:6)
  10 orc zombies (Bailey)
  225 foxfires
  A plant (D:1)
247 creatures vanquished.

Grand Total: 505 creatures vanquished

Notes
Turn   | Place    | Note
-------+----------+-------------------------------------------
     0 | D:1      | unlimited1921 the Djinni Fire Elementalist began the quest
                  | for the Orb.
     0 | D:1      | Reached XP level 1. HP: 15/15 MP: 0/0
   597 | D:1      | Reached XP level 2. HP: 20/21 MP: 0/0
  1081 | D:1      | Found Zunlit's Antique Armour Emporium.
  1170 | D:1      | Reached skill level 3 in Spellcasting
  1175 | D:1      | Reached XP level 3. HP: 23/26 MP: 0/0
  1175 | D:1      | Learned a level 1 spell: Shock
  1989 | D:2      | Found a faded altar of an unknown god.
  2000 | D:2      | Found Japas's Magic Scroll Boutique.
  2148 | D:2      | Reached XP level 4. HP: 31/31 MP: 0/0
  2216 | D:2      | Found a runed translucent door.
  2217 | D:2      | Noticed Crazy Yiuf
  2225 | D:2      | Killed Crazy Yiuf
  2226 | D:2      | Reached skill level 1 in Fighting
  2464 | D:3      | Found a runed translucent door.
  2464 | D:3      | Noticed Tiocfaidh's ghost (amateur FoCj)
  2638 | D:3      | Found Oryaqosu's Antique Weapon Shoppe.
  2641 | D:3      | Noticed Robin
  2651 | D:3      | Reached XP level 5. HP: 33/37 MP: 0/0
  2651 | D:3      | Learned a level 2 spell: Blink
  2679 | D:3      | Killed Robin
  3103 | D:3      | Reached skill level 1 in Armour
  3103 | D:3      | Reached skill level 4 in Spellcasting
  3103 | D:3      | Reached XP level 6. HP: 18/43 MP: 0/0
  3170 | D:3      | Noticed Ijyb
  3173 | D:3      | Killed Ijyb
  3452 | D:3      | Killed Tiocfaidh's ghost
  3453 | D:3      | Reached XP level 7. HP: 24/50 MP: 0/0
  3453 | D:3      | Learned a level 3 spell: Confusing Touch
  3584 | D:4      | Identified the -1 helmet of Untruth {rPois Will+ Int+2}
  3796 | D:4      | Found a staircase to the Ecumenical Temple.
  3843 | Temple   | Entered the Ecumenical Temple
  4160 | Temple   | Became a worshipper of Yredelemnul the Dark
  4668 | D:4      | Reached skill level 5 in Spellcasting
  4826 | D:5      | Entered Level 5 of the Dungeon
  4842 | D:5      | Found a hazy altar of Hepliaklqana.
  5000 | D:5      | Reached * piety under Yredelemnul
  5001 | D:5      | Reached XP level 8. HP: 54/57 MP: 0/0
  5567 | D:5      | Reached skill level 6 in Spellcasting
  5618 | D:5      | Reached ** piety under Yredelemnul
  5969 | D:6      | Noticed Grinder
  5980 | D:6      | Killed Grinder
  5981 | D:6      | Reached XP level 9. HP: 58/63 MP: 0/0
  5981 | D:6      | Learned a level 3 spell: Portal Projectile
  6052 | D:6      | Reached skill level 1 in Crossbows
  6155 | D:6      | Reached skill level 5 in Fighting
  6155 | D:6      | Reached skill level 7 in Spellcasting
  6310 | D:6      | Reached *** piety under Yredelemnul
  6458 | D:6      | Reached **** piety under Yredelemnul
  6862 | D:7      | Reached skill level 8 in Spellcasting
  6963 | D:7      | Reached XP level 10. HP: 71/72 MP: 0/0
  7268 | D:7      | Found a burning altar of Makhleb.
  7335 | D:7      | Found Yniappupp's Elemental Accessories.
  7343 | D:7      | Bought a wand of iceblast (4) for 112 gold pieces
  7595 | D:8      | Found a snail-covered altar of Cheibriados.
  7730 | D:8      | Found a blossoming altar of Fedhas.
  7747 | D:8      | Reached skill level 9 in Spellcasting
  7824 | D:8      | Noticed a two-headed ogre
  7831 | D:8      | Killed a two-headed ogre
  7939 | D:8      | Found a flagged portal.
  8198 | Bailey   | Entered a bailey
  8585 | Bailey   | Reached skill level 10 in Spellcasting
  8798 | Bailey   | Reached XP level 11. HP: 59/79 MP: 0/0
  8798 | Bailey   | Learned a level 4 spell: Leda's Liquefaction
  9108 | Bailey   | Identified the +8 crystal plate armour of Sophism {rF+
                  | rCorr Stlth+}
  9877 | D:9      | Noticed Erolcha
  9882 | D:9      | Killed Erolcha
  9883 | D:9      | Reached skill level 11 in Spellcasting
 10261 | D:9      | Identified the amulet of Paranoia {Faith rPois rF+ Int+4}
 10417 | D:9      | Found an opulent altar of Gozag.
 10417 | D:9      | Found a shimmering altar of Xom.
 10421 | D:9      | Fell from the grace of Yredelemnul
 10421 | D:9      | Became a worshipper of Gozag Ym Sagoz the Greedy
 10927 | D:10     | Entered Level 10 of the Dungeon
 10944 | D:10     | Noticed a jiangshi
 10948 | D:10     | Mangled by a jiangshi

Illustrated notes

Levels and vault maps discovered:
D:1:      tarquinn_simple_flora_water_a, layout_rooms, serial_shops,
          nicolae_square_shop
D:2:      layout_rooms, serial_shops, shop_fountains,
          ebering_ecumenical_altar_abandoned, uniq_crazy_yiuf_cottage
D:3:      layout_loops_corners, serial_shops, nicolae_shop_stone,
          gammafunk_ghost_grave, uniq_robin, uniq_ijyb
D:4:      layout_loops_corners, minmay_temple_entry_sparse_star
D:5:      layout_loops_corners, mainiacjoe_overflow_24_doors
D:6:      layout_gridville, overflow_temple_1_default, uniq_grinder
D:7:      layout_cave_pools, nicolae_overflow_crystal_walls,
          grunt_decor_mini_mirrors, nicolae_elemental_shop
D:8:      layout_cave_pools, mainiacjoe_overflow_alcove_2,
          mainiacjoe_overflow_cross_hatched, enter_bailey_3,
          minmay_crystal_water, kennysheep_generic_room_13
D:9:      layout_stronghold, mainiacjoe_overflow_divided_tiny, uniq_erolcha
D:10:     layout_layer_cave, nzn_ghost_randoct, special_room [special_room_orc],
          chequers_garden, uniq_urug
Temple:   regret_index_temple_generic_petals

Skill      XL: |  1  2  3  4  5  6  7  8  9 10 11 |
---------------+----------------------------------+-----
Spellcasting   | 3 4 5 6 8 10 11 | 11.1
Fighting       | 1 3 4 5 7 |  7.8
Dodging        | 3 |  3.6
Armour         | 1 2 3 |  3.9
Stealth        | 2 3 |  3.1
Crossbows      | 1 |  1.8

Action                   |  1- 3 |  4- 6 |  7- 9 | 10-12 || total
-------------------------+-------+-------+-------+-------++-------
Melee: Unarmed           |     3 |       |       |       ||     3
       Dagger            |     3 |       |       |       ||     3
       Hand axe          |       |     1 |       |       ||     1
       Arbalest          |       |       |     6 |       ||     6
 Fire: Arbalest          |       |       |     6 |     2 ||     8
 Cast: Foxfire           |    54 |       |     6 |    69 ||   129
       Shock             |    27 |    26 |    56 |    55 ||   164
       Scorch            |     3 |    43 |    91 |   117 ||   254
       Inner Flame       |       |     3 |     9 |    22 ||    34
       Portal Projectile |       |       |     1 |       ||     1
       Leda's Liquefacti |       |       |       |     8 ||     8
Armor: Leather armour    |     1 |     6 |     7 |     5 ||    19
       Ring mail         |       |       |       |     4 ||     4
Dodge: Dodged            |    14 |    13 |    13 |    57 ||    97
